 Dungeon Crawl Stone Soup version 0.30.1-9-gdf580d7c3d (webtiles) character file.

Game seed: 5935104962285153236

44 Hasleak the Ducker (level 3, -1/27 HPs)
             Began as a Djinni Hedge Wizard on Sept 30, 2023.
             Frozen to death by an endoplasm (6 damage)
             ... on level 2 of the Dungeon.
             The game lasted 00:04:55 (1145 turns).

Hasleak the Ducker (Djinni Hedge Wizard)            Turns: 1145, Time: 00:04:56

Health: -1/27      AC:  2    Str:  9    XL:     3   Next: 85%
Gold:   59         EV: 12    Int: 17    God:
                   SH:  0    Dex: 12

rFire   + + .        a - +0 dagger
rCold   x . .        (no shield)
rNeg    . . .        b - +0 robe
rPois   ∞            c - +0 hat
rElec   .            (no cloak)
rCorr   .            (no gloves)
SInv    .            (boots unavailable)
Will    .....        (no amulet)
Stlth   ++           (no ring)
HPRegen 0.24/turn    (no ring)
MPRegen 0.00/turn

%: infuse magic (-2 HP)
@: flying
A: sickness immunity, fire resistance 2, cold vulnerability 1, float, innate
caster, HP casting, extra vitality 1
a: no special abilities


You were on level 2 of the Dungeon.
You visited 1 branch of the dungeon, and saw 2 of its levels.

You collected 59 gold pieces.

Inventory:

Hand Weapons
 a - a +0 dagger (weapon)
Armour
 b - a +0 robe (worn)
 c - a +0 hat (worn)
Scrolls
 j - a scroll of magic mapping
Potions
 d - a potion of mutation {unknown}
 e - a potion of haste {unknown}
 g - a potion of ambrosia {unknown}
 h - a potion of flight {unknown}
 i - 2 potions of lignification {unknown}


   Skills:
 + Level 1.5 Fighting
 + Level 3.0 Dodging
 - Level 1.5 Stealth
 + Level 2.8 Spellcasting


You knew the following spells:

 Your Spells              Type           Power      Damage    Failure   Level
a - Magic Dart            Conj           48%        1d5       5%          1
b - Slow                  Hex            48%        N/A       5%          1
c - Blink                 Tloc           24%        N/A       9%          2
d - Call Imp              Summ           24%        N/A       9%          2
e - Mephitic Cloud        Conj/Pois/Air  12%        N/A       17%         3
f - Shock                 Conj/Air       48%        1d6       5%          1
Your spell library was empty.

Dungeon Overview and Level Annotations

Branches:
Dungeon (2/15)

Altars:


Innate Abilities, Weirdness & Mutations

You are immune to sickness and miasma.
You are immune to poison.
Your flesh is very heat resistant. (rF++)
You are vulnerable to cold. (rC-)
You float through the air rather than walking.
You learn spells naturally, not from books.
Your magical power is your life essence.
You have superior vitality. (+4 MHP)


Message History

Press: ? - help, Shift-Dir - straight line, f/p - ball python
Aim: a ball python (severely wounded, 100% to hit)
The magic dart hits the ball python.
You kill the ball python!
Something closely misses your cerulean imp.
The endoplasm misses your cerulean imp.
Your cerulean imp hits the endoplasm with a -3 spear.
The adder bites you but does no damage.
The endoplasm barely misses your cerulean imp.
Your cerulean imp hits the endoplasm but does no damage.
You see here a ball python corpse.
The adder closely misses you.
Something barely misses your cerulean imp.
Your cerulean imp hits the adder with a -3 spear.
The adder bites you.
Casting: Magic Dart (safe; 5% risk of failure)
Confirm with . or Enter, or press ? or * to list all spells.
Aiming: Magic Dart (safe; 5% risk of failure)
Press: ? - help, Shift-Dir - straight line, f - adder
Aim: an adder (moderately wounded, ally target, 100% to hit)
The magic dart hits the adder.
The adder is moderately wounded.
The adder closely misses you.
Your cerulean imp hits the adder but does no damage.
The adder bites you. The endoplasm hits you.
* * * LOW HITPOINT WARNING * * *
Casting: Magic Dart (safe; 5% risk of failure)
Confirm with . or Enter, or press ? or * to list all spells.
Aiming: Magic Dart (safe; 5% risk of failure)
Press: ? - help, Shift-Dir - straight line, f/p - adder
Aim: an adder (moderately wounded, ally target, 100% to hit)
The magic dart hits the adder.
The adder is severely wounded.
* * * LOW HITPOINT WARNING * * *
The adder bites you.
* * * LOW HITPOINT WARNING * * *
Your cerulean imp misses the adder.
The endoplasm freezes you.
You are frozen.
You feel a terrible chill!
You die...

#. ... ... . #
#.### .###.#
#.## .# #.# . #
... ... ..
#.##.###.##.#.
#.............
#.##.#†##.#.#.
#...S....#
#....#@#.!....
...##.#.J5.(.#.
#. # ..#......
.#.#.#.##.
..#.. .... ##
#.# ##.## ...
#.#


You could see an adder (ally target), an endoplasm and a friendly cerulean imp
(summoned).

Vanquished Creatures
  A gnoll (D:1)
  An adder (D:2)
  2 dart slugs (D:1)
  A ball python (D:2)
  3 endoplasms
  A giant cockroach (D:1)
  A goblin (D:1)
  5 hobgoblins
  A kobold (D:1)
  2 bats
18 creatures vanquished.

Vanquished Creatures (collateral kills)
  A hobgoblin (D:1)
1 creature vanquished.

Grand Total: 19 creatures vanquished

Notes
Turn   | Place    | Note
-------+----------+-------------------------------------------
     0 | D:1      | Hasleak the Djinni Hedge Wizard began the quest for the
                  | Orb.
     0 | D:1      | Hasleak set off with the following spells memorised: Magic
                  | Dart, Slow, Blink, Call Imp, Mephitic Cloud.
     0 | D:1      | Reached XP level 1. HP: 15/15 MP: 0/0
   270 | D:1      | Reached XP level 2. HP: 5/22 MP: 0/0
   540 | D:1      | Reached skill level 1 in Fighting
   540 | D:1      | Reached XP level 3. HP: 18/27 MP: 0/0
   540 | D:1      | Learned a level 1 spell: Shock
  1140 | D:2      | Reached skill level 3 in Dodging
  1145 | D:2      | Frozen to death by an endoplasm

Illustrated notes

Levels and vault maps discovered:
D:1:      reono_arrival_mine, layout_basic, hangedman_decor_push,
          chequers_garden
D:2:      layout_loops_ring, hex_tiny, grunt_ministairs_13,
          hangedman_feature_mirror, minmay_diced_spiral

Skill      XL: |  1  2  3 |
---------------+----------+-----
Fighting       | 1 |  1.5
Dodging        | 3 |  3.0
Stealth        | |  1.5
Spellcasting   | |  2.8

Action                     || total
---------------------------++-------
  Melee: Dagger            ||    13
   Cast: Magic Dart        ||    35
         Slow              ||     6
         Call Imp          ||     7
         Blink             ||     3
         Shock             ||    10
    Use: Scroll            ||     3
 Armour: Robe              ||     3
  Dodge: Dodged            ||    21
